Map: Celestial Enclave LE

Players

XxTipTopxX - Winner!

  • Race: Protoss Protoss
  • League: Master
  • Spawn Location: 1:00

SCIInewby

  • Race: Protoss Protoss
  • League: Master
  • Spawn Location: 7:00

VOD

Have the link to the VOD?

Description

Time

  • Played on: Feb. 6, 2026, 11:10 a.m.
  • Length: 3:51
Show
View Real Time Build Order
Export as new Build Order

XxTipTopxX Protoss - Winner!

Build Orders: Cannon Rush 

Get SALT Encoding   

  12  0:06  Probe  
  13  0:26  Pylon  
  13  0:44  Forge  
  13  0:48  Probe  
  14  0:55  Pylon  
  14  1:00  Probe  
  15  1:04  Assimilator  
  15  1:09  Probe  
  15  1:17  Probe  
  15  1:18  Photon Cannon  
  17  1:32  Photon Cannon  
  17  1:34  Probe  
  18  1:45  Photon Cannon  
  18  1:52  Photon Cannon  
  18  1:59  Pylon  
  18  2:16  Probe  
  19  2:24  Probe, Assimilator  
  20  2:30  Photon Cannon  
  20  2:35  Photon Cannon  
  20  2:38  Pylon  
  20  2:54  Photon Cannon  
  20  2:59  Photon Cannon  
  20  3:12  Pylon  
  20  3:18  Pylon  
  20  3:37  Photon Cannon  
  20  3:40  Photon Cannon  
  20  3:41  Pylon  
  20  3:45  Photon Cannon  
Show
View Real Time Build Order
Export as new Build Order

SCIInewby Protoss 

Build Orders: 1 Gate Expand 

Get SALT Encoding   

  12  0:01  Probe  
  13  0:13  Probe  
  14  0:22  Pylon  
  14  0:28  Probe  
  15  0:52  Gateway  
  15  0:54  Probe  
  16  1:16  Probe  
  17  1:25  Nexus  
  17  1:28  Probe  
  18  1:35  Forge  
  18  1:40  Zealot  
  20  1:50  Probe  
  21  1:58  Pylon  
  21  2:12  Pylon  
  20  2:17  Pylon  
  20  2:36  Pylon  
  20  2:41  Photon Cannon  
  20  2:43  Photon Cannon  
  20  2:49  Photon Cannon  
  20  2:55  Photon Cannon  
  20  2:59  Photon Cannon  
  16  3:10  Cybernetics Core  
  13  3:25  Pylon  
  13  3:31  Probe  
Tags
 
Add a new tag
Caveats
  • Supply blocks, unpowered buildings, or Contaminate may cause inaccurate times.
  • Supply counts are checked every 10 seconds.